 Dungeon Crawl Stone Soup version 0.18-a0-1203-gbde16db (webtiles) character file.

16914 Duffy the Severer (level 12, -8/108 HPs)
             Began as a Minotaur Fighter on Feb 1, 2016.
             Was the Champion of Cheibriados.
             Killed from afar by a frost giant (54 damage)
             ... with a bolt of cold
             ... in an ice cave.
             The game lasted 00:16:55 (12165 turns).

Duffy the Severer (Minotaur Fighter)               Turns: 12165, Time: 00:16:55

Health: -8/108     AC: 22    Str: 40    XL:     12   Next: 14%
Magic:  13/14      EV: 22    Int: 20    God:    Cheibriados [******]
Gold:   155        SH:  0    Dex: 34    Spells: 0 memorised, 11 levels left

rFire  . . .     SeeInvis .     u - +1 battleaxe
rCold  . . .     Gourm    .     j - +0 plate armour
rNeg   . . .     Faith    .     (shield currently unavailable)
rPois  .         Spirit   .     (helmet restricted)
rElec  .         Dismiss  .     O - +0 cloak
rCorr  +         Reflect  .     p - +2 pair of gloves {Dex+3}
SustAt .         Harm     .     (no boots)
MR     .....                    (no amulet)
Stlth  ..........               q - +3 ring of protection
                                A - ring of resist corrosion

@: agile, flying, very slow, not resistant to hostile enchantments, extremely
unstealthy
A: retaliatory headbutt, horns 2
a: Bend Time, Temporal Distortion, Slouch, Step From Time, Renounce Religion


You were in an ice cave.
You worshipped Cheibriados.
Cheibriados was exalted by your worship.
You were not hungry.

You visited 3 branches of the dungeon, and saw 13 of its levels.
You also visited: Ossuary and Ice Cave.

You collected 632 gold pieces.
You spent 477 gold pieces at shops.


Innate Abilities, Weirdness & Mutations

You reflexively headbutt those who attack you in melee.
You have a pair of horns on your head.


   Skills:
 - Level 10.6 Fighting
 + Level 15.9 Axes
 - Level 10.8 Armour
 - Level 7.0 Dodging
   Level 3.6 Shields
 + Level 4.2 Invocations


You had 11 spell levels left.
You didn't know any spells.

Inventory:

Hand Weapons
 u - a +1 battleaxe (weapon)
 L - a +0 dire flail
 Q - a +0 blowgun
Missiles
 B - 2 throwing nets (quivered)
 P - 15 poisoned needles
Armour
 j - a +0 plate armour (worn)
 p - a +2 pair of gloves of dexterity (worn)
 O - a +0 cloak (worn)
Jewellery
 q - a +3 ring of protection (right hand)
 A - a ring of resist corrosion (left hand)
Wands
 b - a wand of disintegration (12/24)
 y - a wand of fireball (3/15)
 C - a wand of paralysis (12/24)
 K - a wand of draining (4/15)
 T - a wand of confusion (16/48)
Scrolls
 e - 2 scrolls of enchant armour
 m - 2 scrolls of enchant weapon
 r - 3 scrolls of teleportation
 s - 5 scrolls of remove curse
 v - a scroll of magic mapping
 x - 2 scrolls of fog
 D - a scroll of blinking
 F - a scroll of summoning {unknown}
 G - 2 scrolls of random uselessness {unknown}
 H - a scroll of torment {unknown}
 M - a scroll of amnesia {unknown}
 S - 2 scrolls of fear
Potions
 c - a potion of beneficial mutation {unknown}
 d - 4 potions of might
 k - 2 potions of invisibility
 l - 6 potions of curing
 n - 3 potions of resistance
 o - 2 potions of cancellation
 t - 6 potions of heal wounds
 E - 2 potions of flight
 I - a potion of agility
 J - 2 potions of magic
 N - a potion of cure mutation {unknown}
Comestibles
 f - 11 bread rations
 h - 7 meat rations
 w - 2 beef jerkies
 z - 12 fruits
 W - a royal jelly

Dungeon Overview and Level Annotations

Branches:
Dungeon (10/15)            Temple (1/1) D:6            Lair (2/8) D:10
    Orc (0/2) D:10

Altars:
Ashenzari
Cheibriados
Dithmenos
Elyvilon
Fedhas
Gozag
Kikubaaqudgha
Makhleb
Nemelex Xobeh
Okawaru
Pakellas
Qazlal
Ru
Sif Muna
Trog
Vehumet
Xom
Yredelemnul
Zin
The Shining One

Shops:
D:4 ?[:[:   D:7 %   D:8 *

Annotations:
IceCv exclusion: ice statue


Message History

You are too injured to fight recklessly!
You are too injured to fight recklessly!
You are too injured to fight recklessly!
You are too injured to fight recklessly!
You are too injured to fight recklessly!
You are too injured to fight recklessly!
You are too injured to fight recklessly!
You are too injured to fight recklessly!
You are too injured to fight recklessly!
You are too injured to fight recklessly!
You are too injured to fight recklessly!
You are too injured to fight recklessly!
You hit the frost giant but do no damage.
You headbutt the frost giant, but do no damage.
The frost giant is moderately wounded.
You completely miss the yak. You slash the polar bear!
You kill the polar bear!
Cheibriados appreciates the change of pace.
You hit the polar bear.
You kill the polar bear!
Cheibriados thoroughly appreciates the change of pace.
The frost giant misses you. The yak gores you but does no damage.
You slash the frost giant!
The frost giant is heavily wounded.
You slash the yak!
The yak is moderately wounded.
You hit the frost giant but do no damage.
You headbutt the frost giant, but do no damage.
The frost giant is heavily wounded.
Your plate armour prevents you from hitting the yak.
The yak is moderately wounded.
The frost giant gestures at you while chanting.
The bolt of cold hits you!
Ouch! That really hurt!
You die...

###......
##.......
##........
#........# ##
.......#
~~####.....##
#~~~~##.YC..###..
#~~~~###@%......
#~~~~~.#%......
###~~~#########
##~~~~~~~~~
##..~~~~~~~~
#.#.##~~####
##.## ~~# ###
#..##~## ..##
##..###


You could see a frost giant and a yak.

Action                   |  1- 3 |  4- 6 |  7- 9 | 10-12 || total
-------------------------+-------+-------+-------+-------++-------
Melee: War axe           |    82 |   185 |       |       ||   267
       Battleaxe         |       |       |   342 |   261 ||   603
       Dire flail        |       |       |       |     7 ||     7
Evoke: Wand              |       |       |     1 |       ||     1
  Use: Potion            |       |     2 |     1 |     2 ||     5
       Scroll            |       |       |     8 |     8 ||    16
 Stab: Paralysed         |       |       |     2 |       ||     2
  Eat: Chunk             |       |     6 |     9 |     3 ||    18
       Meat ration       |       |     1 |       |       ||     1
       Beef jerky        |       |       |     2 |     4 ||     6
       Pizza             |       |       |     1 |       ||     1

Notes
Turn   | Place    | Note
--------------------------------------------------------------
     0 | D:1      | Duffy the Minotaur Fighter began the quest for the Orb.
     0 | D:1      | Reached XP level 1. HP: 19/19 MP: 0/0
   191 | D:1      | Reached skill level 3 in Axes
   302 | D:1      | Reached XP level 2. HP: 23/26 MP: 1/1
   897 | D:2      | Reached skill level 4 in Armour
   907 | D:2      | Reached XP level 3. HP: 22/31 MP: 2/2
  1040 | D:2      | Noticed Robin
  1053 | D:2      | Killed Robin
  1053 | D:2      | Reached skill level 4 in Axes
  1070 | D:2      | Reached XP level 4. HP: 31/39 MP: 3/3
  1322 | D:2      | Reached skill level 5 in Armour
  1548 | D:2      | Noticed Jessica
  1560 | D:2      | Killed Jessica
  1774 | D:3      | Noticed YrmMerkstave's ghost (amateur DrTm)
  1784 | D:3      | Killed YrmMerkstave's ghost
  1784 | D:3      | Reached skill level 5 in Axes
  1784 | D:3      | Reached XP level 5. HP: 42/45 MP: 4/4
  2084 | D:3      | Reached skill level 6 in Armour
  2128 | D:3      | Found a shimmering altar of Xom.
  2360 | D:3      | Reached XP level 6. HP: 48/51 MP: 5/5
  2577 | D:4      | Found Jynafuig's Book Boutique.
  2578 | D:4      | Noticed Blork the orc
  2596 | D:4      | Killed Blork the orc
  2596 | D:4      | Reached skill level 6 in Axes
  2711 | D:4      | Noticed Uberwunderbarhen's ghost (amateur OpFi)
  3203 | D:4      | Killed Uberwunderbarhen's ghost
  3203 | D:4      | Reached skill level 7 in Axes
  3203 | D:4      | Reached skill level 7 in Armour
  3203 | D:4      | Reached XP level 7. HP: 38/57 MP: 6/6
  3319 | D:4      | Found Jebops's Antique Armour Shop.
  3528 | D:4      | Found Xiegram's Armour Shoppe.
  3594 | D:4      | Found an oddly glowing altar of Pakellas.
  3615 | D:4      | Found Azaon's Book Shoppe.
  3718 | D:4      | Found Camnu's Magic Scroll Shoppe.
  3721 | D:4      | Bought a scroll of identify for 28 gold pieces
  3721 | D:4      | Bought a scroll of identify for 28 gold pieces
  3721 | D:4      | Bought a scroll of magic mapping for 49 gold pieces
  3721 | D:4      | Bought a scroll of fog for 28 gold pieces
  3766 | D:5      | Entered Level 5 of the Dungeon
  3932 | D:5      | Found a basalt altar of Yredelemnul.
  3932 | D:5      | Found a deep blue altar of Sif Muna.
  4000 | D:5      | Reached skill level 8 in Armour
  4128 | D:5      | Found an opulent altar of Gozag.
  4221 | D:5      | Reached skill level 8 in Axes
  4635 | D:6      | Reached XP level 8. HP: 48/64 MP: 7/7
  4713 | D:6      | Noticed Prince Ribbit
  4714 | D:6      | Noticed Duvessa
  4715 | D:6      | Noticed Dowan
  5039 | D:7      | Noticed Joseph
  5065 | D:7      | Killed Joseph
  5065 | D:7      | Reached skill level 9 in Axes
  5065 | D:7      | Reached skill level 9 in Armour
  5715 | D:6      | Found an ancient bone altar of Kikubaaqudgha.
  5723 | D:6      | Found an iron altar of Okawaru.
  5724 | D:6      | Found a radiant altar of Vehumet.
  5775 | D:6      | Noticed Pikel
  5788 | D:6      | Killed Pikel
  5788 | D:6      | Reached skill level 10 in Axes
  5788 | D:6      | Reached skill level 10 in Armour
  5788 | D:6      | Reached XP level 9. HP: 65/70 MP: 8/8
  6062 | D:5      | Killed Prince Ribbit
  6062 | D:5      | Reached skill level 4 in Fighting
  6155 | D:6      | Killed Duvessa
  6155 | D:6      | Killed Dowan
  6303 | D:6      | Found a staircase to the Ecumenical Temple.
  6313 | Temple   | Entered the Ecumenical Temple
  6538 | Temple   | Became a worshipper of Cheibriados the Contemplative
  6711 | D:4      | Bought a pair of runed gloves for 108 gold pieces
  6875 | D:7      | Found an oddly glowing altar of Pakellas.
  7038 | D:7      | Found Ifepeis's Food Shop.
  7119 | D:7      | Reached skill level 5 in Fighting
  7364 | D:8      | Reached skill level 6 in Fighting
  7364 | D:8      | Reached skill level 11 in Axes
  7497 | D:8      | Reached * piety under Cheibriados
  7538 | D:8      | Reached skill level 7 in Fighting
  7596 | D:8      | Found a sand-covered staircase.
  7602 | Ossuary  | Entered an ossuary
  7663 | Ossuary  | Reached ** piety under Cheibriados
  8031 | D:8      | Found Poiker's General Store.
  8034 | D:8      | Bought a scroll of blinking for 82 gold pieces
  8041 | D:8      | Reached XP level 10. HP: 86/88 MP: 9/9
  8205 | D:9      | Reached skill level 12 in Axes
  8289 | D:9      | Noticed Erolcha
  8293 | D:9      | Paralysed by Erolcha for 4 turns
  8299 | D:9      | Killed Erolcha
  8299 | D:9      | Reached skill level 8 in Fighting
  8299 | D:9      | Reached skill level 2 in Dodging
  8631 | D:9      | Reached *** piety under Cheibriados
  8827 | D:9      | Reached skill level 3 in Dodging
  9023 | D:9      | Noticed Psyche
  9041 | D:9      | Killed Psyche
  9273 | D:9      | Reached skill level 13 in Axes
  9599 | D:4      | Bought a scroll of enchant armour for 105 gold pieces
  9599 | D:4      | Bought a scroll of fear for 49 gold pieces
  9691 | D:10     | Entered Level 10 of the Dungeon
  9731 | D:10     | Reached skill level 4 in Dodging
  9797 | D:10     | Found a staircase to the Orcish Mines.
  9897 | D:10     | Reached **** piety under Cheibriados
  9969 | D:10     | Reached skill level 9 in Fighting
 10138 | D:10     | Reached skill level 5 in Dodging
 10138 | D:10     | Reached XP level 11. HP: 87/97 MP: 10/10
 10150 | D:10     | Reached skill level 14 in Axes
 10236 | D:10     | Found a staircase to the Lair.
 10381 | D:10     | Reached ***** piety under Cheibriados
 10431 | Lair:1   | Entered Level 1 of the Lair of Beasts
 10879 | Lair:1   | Reached skill level 6 in Dodging
 10999 | Lair:1   | Reached skill level 10 in Fighting
 11181 | Lair:1   | Noticed an eight-headed hydra
 11187 | Lair:1   | Killed an eight-headed hydra
 11571 | Lair:1   | Noticed a five-headed hydra
 11576 | Lair:1   | Killed a five-headed hydra
 11576 | Lair:1   | Reached skill level 15 in Axes
 11840 | Lair:2   | Reached skill level 7 in Dodging
 11859 | Lair:2   | Found a frozen archway.
 11904 | IceCv    | Entered an ice cave
 11908 | IceCv    | Reached skill level 1 in Invocations
 11913 | IceCv    | Reached skill level 2 in Invocations
 11948 | IceCv    | Reached skill level 3 in Invocations
 11951 | IceCv    | Reached ****** piety under Cheibriados
 11951 | IceCv    | Reached XP level 12. HP: 98/108 MP: 11/13
 12152 | IceCv    | Noticed a frost giant
 12161 | IceCv    | Reached skill level 4 in Invocations
 12165 | IceCv    | Killed from afar by a frost giant

Vault maps used:
D:1:      minmay_arrival_jagged, minmay_misc_feat_diagonals
D:2:      first_bread, minmay_vboxes, uniq_robin, uniq_jessica
D:3:      overflow_temple_1_default
D:4:      serial_shops, shop, nicolae_shop_waterfront, nicolae_shop_statue_plus,
          nicolae_shop_waterfront, nicolae_shop_behind_doors,
          grunt_pakellas_salt, uniq_blork_the_orc
D:5:      nicolae_gozag_seed_capital, gammafunk_temple_overflow_statue,
          minmay_misc_feat_hallway
D:6:      minitemple, temple_hall, kennysheep_generic_room_13, uniq_duvessa,
          uniq_prince_ribbit1, uniq_pikel
D:7:      lemuel_doored_altar, serial_shops, kennysheep_mini, grunt_ogre_cave,
          minmay_fire_ice_demons, uniq_joseph
D:8:      serial_shops, kennysheep_little_box, nicolae_ossuary_entry_plus
D:9:      uniq_erolcha, uniq_psyche
D:10:     minmay_lair_entry_grove, david_orc_2
Temple:   eino_temple_water_12
Lair:2:   portal_ice_cave_entry_imps, grunt_megastairs_5, serial_bayou_shore_b,
          bh_autumn_forest_stairs
Ossuary:  minmay_ossuary_two_tombs
IceCv:    ice_cave_small_giant

Vanquished Creatures
  Erolcha
  2 hydras Pikel Psyche
  3 spiny frogs Joseph
  2 trolls
  9 polar bears
  A two-headed ogre
  3 blink frogs Prince Ribbit
  16 yaks
  A basilisk
  2 hungry ghosts
  The ghost of Uberwunderbarhen the Ducker, an amateur OpFi
  3 hippogriffs
  11 wolves
  3 water moccasins
  2 orc warriors
  10 porcupines Duvessa
  An ice beast
  A black bear
  An eye of draining
  A necrophage
  5 ogres
  A phantom
  The ghost of YrmMerkstave the Ruffian, an amateur DrTm
  3 centaurs
  4 crocodiles
  An elf zombie
  A big kobold Blork the orc
  6 giant frogs Dowan
  A water moccasin zombie
  7 crimson imps
  A human zombie
  2 hounds
  3 giant frog skeletons
  2 jellies
  4 orc wizards
  2 orc priests
  2 centaur skeletons Jessica
  An iguana
  3 worker ants
  2 big kobold zombies
  A hound zombie
  3 mummies
  2 hound skeletons Robin
  15 adders
  13 river rats
  2 shadow imps
  13 white imps
  3 adder zombies
  An adder skeleton
  5 worms
  5 giant geckos
  40 orcs
  A giant cockroach
  A gnoll zombie
  18 goblins
  7 hobgoblins
  12 jackals
  15 kobolds
  6 quokkas
  4 bats
  7 giant newts
  3 goblin zombies
  3 hobgoblin zombies
  2 jackal zombies
  6 kobold zombies
  3 orc zombies
  2 quokka skeletons
  6 quokka zombies
  12 rats
  4 rat zombies
  3 bushes
  2 fungi
  8 plants
363 creatures vanquished.
